[Event "Pro Chess League 2023"]
[Site "Chess.com"]
[Date "2023.02.17"]
[Round "4"]
[White "Dominguez Perez, Leinier"]
[Black "Wei, Yi"]
[Result "0-1"]
[WhiteElo "2743"]
[BlackElo "2722"]
[ECO "C77"]
[EventDate "2023.??.??"]
[Annotator "rafael"]
[PlyCount "50"]
[Beauty "8249424231946"]
[EventType "schev"]
[EventRounds "3"]
[TimeControl "300+2"]

{This game has one of the most exotic maneuvers I've ever seen in my entire career.} 
1.e4 e5 2.Nf3 Nc6 3.Bb5 a6 4.Ba4 Nf6 5.d3 Bc5 6.c3 d6 7.Bg5 {These Bg5-pins are now played in all positions. In my day this was considered superficial, an amateur move that can't resist a pin. Times have changed; I must refresh my chess knowledge.} 7...h6 8.Bh4 Ba7 9.Nbd2 Bd7 10.O-O Qe7 11.b4 g5 $1 {[%c_effect g5;square;g5;type;GreatFind;persistent;true] This is exactly why the pin was formerly considered bad for White. Black advances the pawns on the missing king to gain time, and what is the bishop doing on g3 $2 Even more so after the white king is castled. But the explanation is simple: the computer shows that everything in this life is possible, and the players are making the dogmas of the past more flexible.} 12.Bg3 h5 {A new move.} ( 12...Nh7 13.d4 h5 {This also looks pretty good for Black and was played in Asis Gargatagli-Fressinet, Barcelona 2017.} ) 13.h4 g4 14.Ne1 {This move isn't pretty, but it's necessary.} ( 14.Ng5 Ng8 $1 {[%c_effect g8;square;g8;type;GreatFind;persistent;true] The knight is in a reckless position, and Black threatens f7-f6.} ) 14...d5 15.Nc2 O-O-O 16.Rb1 $2 {[%c_effect b1;square;b1;type;Mistake;persistent;true] A strange move, as the threats on the queenside are not dangerous for now, and taking the queen out of the x-ray with the d8-rook seems a priority.} ( 16.Qe2 ) 16...dxe4 $1 17.dxe4 Be8 ( 17...Nb8 $5 {[%c_effect b8;square;b8;type;Interesting;persistent;true] is a curious and very strong move, indicated by the computer.} 18.Bxd7+ Rxd7 19.Qe2 {Now it's too late to get out of the pin.} 19...Rxd2 $1 20.Qxd2 Nxe4 21.Qd3 f5 {With brutal compensation for the exchange.} ) 18.Qe2 b5 $2 {[%c_effect b5;square;b5;type;Mistake;persistent;true] This move brings White back into the game.} ( 18...Rxd2 $1 {[%c_effect d2;square;d2;type;GreatFind;persistent;true] This one you can play without calculating. In some cases in chess, the sheer aesthetic of the position tells you what you need to do.} 19.Qxd2 Nxe4 20.Qd3 {This is a position to fall in love with, if you're playing Black. Now you must decide whether to play f5 directly or take on g3 and play f5 later. Both leads to a massacre.} 20...Nxg3 ( 20...f5 ) 21.Qxg3 f5 {The pawns will decide the battle soon.} ) 19.Bb3 ( 19.Rbd1 $1 {[%c_effect d1;square;d1;type;GreatFind;persistent;true] This move is not easy, truth be told. It avoids the sacrifice on d2, but sacrifices the bishop on a4.} 19...bxa4 $6 {[%c_effect a4;square;a4;type;Inaccuracy;persistent;true] Actually this is not good as after} 20.Qxa6+ Kb8 21.b5 {The knight has no squares.} ) 19...Qd7 ( 19...Rxd2 $1 {[%c_effect d2;square;d2;type;GreatFind;persistent;true] This move again is very good.} ) 20.Rfd1 Qd3 21.Kf1 ( 21.Qxd3 Rxd3 22.Kf1 {Necessary because of the threat of 22...Rxg3.} 22...Rxc3 23.a4 {Black is better, but in a rapid game there are plenty of chances.} ) 21...Qxc3 22.a3 $2 {[%c_effect a3;square;a3;type;Mistake;persistent;true] Too slow. But we should be thankful for this move, as now starts one of the most ingenious maneuvers in the whole history of chess. And I'm not exaggerating.} ( 22.Rbc1 Qd3 {with advantage for Black.} ) 22...Rd3 $3 {[%c_effect d3;square;d3;type;Brilliant;persistent;true] The rook joins the battle and wants to be sacrificed. The intention is to play 23...Rxg3.} 23.Bh2 {The bishop tries to hide from the crazy rook, but the best is still to come.} 23...Rh3 $3 {[%c_effect h3;square;h3;type;Brilliant;persistent;true] Other moves are good as well, but none has the same impact. I will attach a double exclamation mark to all the moves of this rook. It's deserved.} 24.Bg1 {The bishop keeps running.} ( 24.Kg1 {is a better chance, but obviously it's still losing.} 24...Rxh4 {The simplest.} ) 24...Rh1 $3 25.Ne3 Nd4 {This final position is amazing. If you look at this, you might think something is wrong. This rook cannot possibly be on h1, right $2 Not only all this is right, but this game was played by two 2700+ players. A game that will remain in history.} ( 25...Nd4 26.Qe1 Qd3+ ) 0-1

[Event "Pro Chess League 2023"]
[Site "Chess.com"]
[Date "2023.02.21"]
[Round "4"]
[White "Carlsen, Magnus"]
[Black "Vidit, Santosh Gujrathi"]
[Result "0-1"]
[WhiteElo "2852"]
[BlackElo "2730"]
[ECO "A06"]
[EventDate "2023.??.??"]
[Annotator "rafael"]
[PlyCount "116"]
[Beauty "6465020500513"]
[EventType "schev"]
[EventRounds "3"]
[TimeControl "300+2"]

1.b3 {The Larsen Variation shows up from time to time in elite games, although only in tournaments with rapid time controls. It seems they don't consider this starting move reliable enough for a classical game.} 1...d5 ( 1...e5 {Is the critical move and the biggest reason 1.b3 isn't too popular.} ) 2.Bb2 c5 3.e3 a6 $5 {[%c_effect a6;square;a6;type;Interesting;persistent;true] This move is meant to avoid the pin on the c6-knight.} ( 3...Nc6 4.Bb5 ) 4.Nf3 Nc6 5.d4 Nf6 6.dxc5 $5 {[%c_effect c5;square;c5;type;Interesting;persistent;true] Taking the c5-pawn in these positions is always a difficult move for me, even more so when the plan is to play a3-b4, moving the b-pawn once more. But the world champion knows what he's doing.} 6...e6 7.a3 Bxc5 8.b4 Ba7 9.Nbd2 O-O 10.c4 dxc4 11.Nxc4 b5 {The first new move of the game. Once more the theory was dictated by a game played on Titled Tuesday.} ( 11...Qe7 12.Qd6 Rd8 13.Qxe7 Nxe7 14.Be2 {with a very slight edge for White in Terry-Svane, Titled Tuesday 2017.} ) 12.Nd6 Bd7 ( 12...Nd5 $5 {[%c_effect d5;square;d5;type;Interesting;persistent;true] It's possible to allow White to capture the c8-bishop in order to play a6-a5 with all the pieces developed.} 13.Nxc8 Rxc8 14.Bd3 a5 $1 {[%c_effect a5;square;a5;type;GreatFind;persistent;true] The queenside pawns will be swapped, and Black is close to a draw.} ) 13.Bd3 Qe7 14.O-O Nd5 ( 14...Qxd6 $4 15.Bxh7+ Kxh7 16.Qxd6 ) 15.Ne4 Rfd8 16.Rc1 Be8 17.Qe2 {Now White has a small advantage, with the bishops pointing to the black king and the knight being able to jump to c5.} 17...h6 18.Rfd1 Rac8 19.h3 Bb6 {Black decides to await events.} ( 19...f5 {is a natural move, trying to activate the light-squared bishop, taking it to h5. But it's the kind of move you're not comfortable playing against Carlsen.} 20.Ned2 Bh5 21.Bb1 {White can try Nf1-g3 later, and the pawn structure is weakened.} ) 20.Ng3 Nf6 21.Bb1 Rxd1+ 22.Rxd1 Rd8 23.Rc1 $1 {[%c_effect c1;square;c1;type;GreatFind;persistent;true] It's important to keep a pair of rooks so as not to oversimplify the position.} 23...Kf8 {Prophylaxis against a possible check on h7, as we will see in the game.} 24.Ne4 Nd5 25.Nc3 {White's knight is working hard $1 It is natural to take it to c5, but Carlsen probably didn´t like 25...a5.} ( 25.Nc5 a5 $1 ) 25...Nf6 ( 25...Nxc3 26.Bxc3 {White prepares a battery taking the queen to b2, and Black will be forced to weaken his kingside.} ) 26.Qc2 Rc8 $2 ( 26...a5 $1 {[%c_effect a5;square;a5;type;GreatFind;persistent;true] It is necessary to strive for activity immediately.} 27.Nxb5 ( 27.bxa5 Nxa5 {and the knight goes to c4.} ) ( 27.Ne4 Nxe4 28.Qxe4 f5 {followed by the capture on b4.} ) 27...axb4 {with an equal position.} ) 27.Ne4 $1 {[%c_effect e4;square;e4;type;GreatFind;persistent;true] It's essential to remove the knight from f6 to attack the black king.} 27...Nd5 ( 27...Nxe4 28.Qxe4 f5 29.Qd3 {The kingside is too weak, and White has a clear advantage.} ) 28.Nc5 {The advantage is already decisive.} 28...Bxc5 $2 {[%c_effect c5;square;c5;type;Mistake;persistent;true] This allows an immediate finish.} 29.Qh7 $2 {[%c_effect h7;square;h7;type;Mistake;persistent;true] Not that this move is too bad, but mate in three is even better. It's surprising that Carlsen let this go.} ( 29.Bxg7+ Kxg7 30.Qh7+ Kf6 ( 30...Kf8 31.Qh8# ) 31.Qxh6# ) 29...f6 30.Qh8+ ( 30.Nh4 $1 {[%c_effect h4;square;h4;type;GreatFind;persistent;true] This threatens mate in two and keeps the attack going strong.} 30...Bb6 $2 31.Qh8+ Kf7 32.Bg6# ) 30...Kf7 31.Rxc5 Qb7 ( 31...Qf8 {is a better chance.} ) 32.e4 {This is still winning, but the computer indicates a wonderful way to finish the game.} ( 32.Bg6+ $3 {[%c_effect g6;square;g6;type;Brilliant;persistent;true] This one is really difficult. The variation is lovely.} 32...Kxg6 33.Qg8 $1 {[%c_effect g8;square;g8;type;GreatFind;persistent;true] Black's king is stuck at a dead end. White sets up the final hunt, starting with 34.Nh4. A possible line is:} 33...Qf7 34.Nh4+ Kh5 ( 34...Kg5 35.Qh7 ) 35.Qh7 Kxh4 ( 35...f5 36.Bxg7 $18 ) ( 35...g5 36.g4+ Kxh4 37.Qxh6+ ) 36.Qe4+ Kh5 37.Qg4# ) 32...Nf4 33.Qh7 $2 {[%c_effect h7;square;h7;type;Mistake;persistent;true] Wasting the last chance to settle the game.} ( 33.Bxf6 $3 Kxf6 ( 33...gxf6 34.Qh7+ Kf8 35.Qxb7 {wins the queen.} ) 34.Qf8+ {White is winning in all lines.} 34...Bf7 ( 34...Qf7 35.e5+ Nxe5 36.Qxf7+ Bxf7 37.Rxc8 {with an endgame an exchange up.} ) 35.e5+ Nxe5 36.Qxc8 Nxf3+ 37.gxf3 Qxf3 ( 37...Qxc8 38.Rxc8 ) 38.Qd8# ) 33...Ne7 {Now the game is unclear. Carlsen decides to sacrifice at the wrong moment.} 34.Ne5+ $2 {[%c_effect e5;square;e5;type;Mistake;persistent;true] This just loses.} 34...fxe5 35.Bxe5 Nh5 $1 {[%c_effect h5;square;h5;type;GreatFind;persistent;true] The world champion probably missed this move. Black is a piece up for no compensation.} 36.g4 Rxc5 37.bxc5 Nf6 38.Bxf6 Kxf6 39.g5+ hxg5 40.e5+ Kf7 41.Qh5+ Kf8 42.Qxg5 Qf3 43.Qg4 Bc6 44.Qxf3+ Bxf3 45.Kh2 Nc6 46.Kg3 Bd5 ( 46...Nxe5 {also works:} 47.Kf4 Nc4 $1 48.Kxf3 Nd2+ ) 47.f4 Ke7 48.Kf2 Na5 49.h4 Nc4 50.Bd3 Nxa3 51.Ke3 a5 52.Kd4 Bc6 53.h5 b4 54.f5 exf5 55.Bxf5 a4 56.e6 b3 57.Kc3 Nb5+ 58.Kb4 Nd4 0-1

[Event "Pro Chess League 2023"]
[Site "Chess.com"]
[Date "2023.02.22"]
[Round "4"]
[White "Henderson de la Fuente, Lance"]
[Black "Mishra, Abhimanyu"]
[Result "0-1"]
[WhiteElo "2505"]
[BlackElo "2548"]
[ECO "D30"]
[EventDate "2023.??.??"]
[Annotator "rafael"]
[PlyCount "62"]
[Beauty "8247142520375"]
[EventType "schev"]
[EventRounds "3"]
[TimeControl "300+2"]

1.d4 d5 2.Nf3 Nf6 3.c4 c6 4.e3 e6 5.Nbd2 Be7 6.b3 O-O 7.Bb2 Nbd7 8.Bd3 dxc4 $5 {[%c_effect c4;square;c4;type;Interesting;persistent;true] Black usually delays this capture and plays b6, but there's nothing wrong with it.} ( 8...b6 ) 9.Nxc4 ( 9.bxc4 {is also possible.} 9...c5 10.O-O cxd4 11.exd4 b6 {With a classical middlegame fight with the \"hanging pawns\" on the center.} ) 9...c5 10.O-O b6 11.Qe2 Bb7 12.Rfd1 {Both players develop the pieces naturally. The black queen is in a rather uncomfortable situation with the white rook on the same file.} 12...cxd4 ( 12...Qc7 13.Rac1 {The position is slightly better for White due to the better development.} ) 13.Nxd4 Nc5 14.Bc2 Qd5 {Only here we have a new move.} ( 14...Qc7 {was played in Rodriguez Landa-Arias Duval, ICCF email 2016.} ) 15.f3 ( 15.f4 $1 {[%c_effect f4;square;f4;type;GreatFind;persistent;true] This advance may seem not very good positionally, as it weakens the e4-square, but it's tactically justified.} 15...Qh5 {The only way to remove the queen from the x-ray with the rook on d1.} 16.Qxh5 {Now this exchange is available.} 16...Nxh5 17.b4 {Forcing the other knight to the edge.} 17...Na6 ( 17...Ne4 $6 18.Nxe6 $1 fxe6 19.Rd7 {Both bishops are attacked, and White is much better.} ) 18.a3 {White's knights are much better placed.} ) 15...Qh5 16.e4 $6 ( 16.b4 $1 Ncd7 17.Ba4 $1 {[%c_effect a4;square;a4;type;GreatFind;persistent;true] This poses problems, as the d7 knight is attacked and the c6-square is weak.} ) 16...Rfd8 {Now Black's position is acceptable.} 17.Qf2 ( 17.b4 ) 17...Rac8 18.Qg3 b5 $1 19.Ne5 $6 ( 19.Nxb5 Ncxe4 $1 20.fxe4 Qxb5 {Black has a better pawn structure, but White's activity compensates after} 21.Rxd8+ Rxd8 22.Rf1 ) 19...a6 $2 ( 19...Ncd7 $1 {[%c_effect d7;square;d7;type;GreatFind;persistent;true] is a very strong move. If White exchanges knights, then after} 20.Nxd7 Rxd7 {His pieces are very vulnerable with the misplaced bishop on c2 and an unstable knight on d4.} ) 20.h4 $2 {[%c_effect h4;square;h4;type;Mistake;persistent;true] A blunder in reply.} ( 20.Nec6 $3 {[%c_effect c6;square;c6;type;Brilliant;persistent;true] is a nice tactical move that exploits Black's mistake in the previous move.} 20...Bxc6 21.Nxc6 Rxc6 ( 21...Rxd1+ $2 22.Rxd1 Rxc6 23.Bxf6 Bxf6 24.Qb8+ {This is the point of White's combination.} ) 22.Rxd8+ Bxd8 23.Bxf6 Qg6 $1 {[%c_effect g6;square;g6;type;GreatFind;persistent;true] Black is lucky to have this defense.} ( 23...Bxf6 $2 24.Qb8+ ) 24.Bxd8 Qxg3 25.hxg3 Nb7 $1 {[%c_effect b7;square;b7;type;GreatFind;persistent;true] Both bishops are attacked, and Black escapes with a miraculous draw.} ) 20...Bd6 $1 {[%c_effect d6;square;d6;type;GreatFind;persistent;true] Now this simple move is possible and White's position starts to fall apart.} 21.Ne2 Ncxe4 $1 22.Bxe4 ( 22.fxe4 Rxc2 ) 22...Nxe4 23.fxe4 Qxe2 24.Rxd6 {The only chance.} 24...Qxb2 $1 ( 24...Rxd6 $2 {[%c_effect d6;square;d6;type;Mistake;persistent;true] But not this one:} 25.Nxf7 $1 Qxb2 26.Nh6+ Kh8 27.Nf7+ {with perpetual check.} ) 25.Rxd8+ Rxd8 26.Rf1 f6 {Mishra is a healthy pawn up, and the game doesn't last long.} 27.Rxf6 $2 ( 27.Ng4 {is a better chance.} ) 27...Rd1+ 28.Kh2 Qc1 $1 {[%c_effect c1;square;c1;type;GreatFind;persistent;true] White is unable to defend the attack of Black's heavy pieces.} 29.Qg4 Rh1+ 30.Kg3 Qc3+ 31.Kf4 ( 31.Nf3 Qxf6 ) 31...Rf1+ 0-1

[Event "Pro Chess League 2023"]
[Site "Chess.com"]
[Date "2023.02.23"]
[Round "4"]
[White "Ju, Wenjun"]
[Black "Vachier Lagrave, Maxime"]
[Result "1-0"]
[WhiteElo "2555"]
[BlackElo "2737"]
[ECO "D38"]
[EventDate "2023.??.??"]
[Annotator "rafael"]
[PlyCount "67"]
[Beauty "8113461692963"]
[EventType "schev"]
[EventRounds "3"]
[TimeControl "300+2"]

1.d4 Nf6 2.c4 e6 3.Nf3 d5 4.Nc3 Bb4 5.Qa4+ Nc6 6.e3 O-O 7.Bd2 {This is one of the most reliable options for White against the Ragozin Defense.} 7...Re8 ( 7...dxc4 {is a popular move.} 8.Bxc4 Bd6 {with the idea of playing e5.} ) ( 7...Qe8 {is a creative move that was played by Aronian recently.} 8.Qb3 a5 9.a3 Bxc3 10.Bxc3 b6 11.cxd5 exd5 12.Bb5 Ba6 {With only a small advantage for White in Gukesh-Aronian, Tata Steel 2023.} ) 8.a3 Bxc3 $6 {[%c_effect c3;square;c3;type;Inaccuracy;persistent;true] This exchange gives a positional advantage to White. It's better to return the bishop.} ( 8...Bf8 {Again we have Aronian defending Black's side.} 9.h3 a6 10.Rd1 Ne7 11.Qc2 b6 12.Be2 Bb7 {with a roughly equal position in Nihal-Aronian, Chennai Olympiad 2022.} ) 9.Bxc3 Ne4 10.Qc2 a5 $6 {[%c_effect a5;square;a5;type;Inaccuracy;persistent;true] It's better to capture the bishop straight away, although this doesn't solve the problems.} ( 10...Nxc3 11.Qxc3 {White has a clear positional advantage, as this is an advantageous version of this typical structure. Black has a not-very-good bishop, and the knight is poorly placed on c6. The break-e5 is not easy to make, and White's moves are natural. This was played in Shankland-Pichot, Banter Blitz Cup (Online) 2020.} ) 11.Bd3 f5 $6 {[%c_effect f5;square;f5;type;Inaccuracy;persistent;true] This move is active but creates further weaknesses. It was probably better to take on c3.} ( 11...Nxc3 ) 12.O-O Bd7 13.b4 $1 {[%c_effect b4;square;b4;type;GreatFind;persistent;true] White has everything she could hope for in the opening, but of course this is a rapid game, and anything can happen.} 13...Qe7 14.b5 Nd8 15.Bb2 c6 16.cxd5 {Another option is to simply play 16.a4, followed by 17.Ba3.} ( 16.a4 ) 16...cxd5 ( 16...exd5 17.bxc6 Nxc6 {The computer suggests this as a better option for Black. In fact, the black pieces are more active here, although leaving the pawn isolated on d5 looks too big a concession for human eyes.} ) 17.Qc7 ( 17.a4 {Again this move is a good idea. We will come back to a3-a4 later (and also to a5-a4).} ) 17...Nf7 18.Rfc1 $6 {[%c_effect c1;square;c1;type;Inaccuracy;persistent;true] This is inaccurate.} ( 18.a4 $1 Rec8 19.Qb6 {This is similar to what will happen in the game.} ) 18...Nfd6 $2 ( 18...Rec8 $1 19.Qb6 ( 19.Qxb7 {leads to a draw after} 19...Rcb8 20.Qc7 Rc8 ) 19...a4 $1 {[%c_effect a4;square;a4;type;GreatFind;persistent;true] This is an important move, avoiding the plan with a4-Ba3. Black has serious drawing chances after} 20.Rxc8+ Rxc8 21.Rc1 Rxc1+ 22.Bxc1 Ned6 23.Bd2 Qd8 ) 19.a4 $1 {[%c_effect a4;square;a4;type;GreatFind;persistent;true] Now it's even worse, as the bishop will come to a3 with added power.} 19...Rec8 20.Qb6 Nc4 ( 20...Qd8 {is more stubborn, although the endgame is positionally lost after} 21.Qxd8+ Rxd8 22.Ba3 ) 21.Bxc4 dxc4 22.Ba3 Qf6 23.Ne5 Be8 24.Rxc4 {The pawns start falling.} 24...f4 25.Rxc8 Rxc8 26.Qxb7 fxe3 27.f3 $1 {[%c_effect f3;square;f3;type;GreatFind;persistent;true] The safest. No one wants to give any tactical chance to Vachier-Lagrave. But the capture on c8 also wins.} ( 27.Qxc8 exf2+ ( 27...Qxf2+ 28.Kh1 ) 28.Kf1 Nd2+ 29.Ke2 f1=Q+ 30.Rxf1 Qxf1+ 31.Kxd2 {There's no perpetual.} ) 27...Rc3 28.Qxe4 Qd8 29.Bc5 h6 30.Re1 Qg5 31.Qa8 Qh5 32.g4 Qh4 33.Qxe8+ Kh7 34.Qh8+ $1 {[%c_effect h8;square;h8;type;GreatFind;persistent;true] A beautiful move, reminiscent of the famous Petrosian-Spassky game from the 1966 match for the world championship.} ( 34.Qh8+ Kxh8 35.Ng6+ ) 1-0